[Event "95th Caplin Hastings Congress"]
[Site "Hastings"]
[Date "2020.01.01"]
[Round "5.51"]
[White "Ortiz Sanchez, Luis"]
[Black "Khoo-Thwe, Louis"]
[Result "1/2-1/2"]
[ECO "C47"]
[WhiteElo "1947"]
[BlackElo "1690"]
[Annotator "NA RC"]
[PlyCount "88"]
[EventDate "2019.12.28"]
[EventType "swiss"]
[EventCountry "ENG"]
[SourceTitle "playchess.com"]
[Source "ChessBase"]
[SourceQuality "1"]
[TimeControl "40/6600+30:3000+30"]

1. e4 e5 2. Nf3 Nc6 3. Nc3 Nf6 4. d4 exd4 5. Nxd4 Bb4 6. Nxc6 bxc6 7. Bd3 O-O 8. O-O d6 9. h3 {[%emt 0:00:25] C47: Scotch Four Knights and Four Knights with 4 g3} (9. a3 Bc5 10. Na4 Bb6 11. Nxb6 axb6 12. Re1 h6 13. Bf4 Ng4 14. e5 dxe5 15. Bxe5 Nxe5 16. Rxe5 Qf6 {0-1 (45) Degraeve,J (2570)-Caruana,F (2811) chess.com INT 2018}) 9... Re8 10. Qf3 Bxc3 11. bxc3 h6 12. Bf4 c5 $146 ({Predecessor:} 12... Nd7 13. Rae1 Qf6 14. e5 Nxe5 15. Qe4 Be6 16. Bxe5 dxe5 17. f4 exf4 18. Rxf4 Qxc3 {½-½ (43) Vysochin,S (2515)-Sivuk,V (2482) Lvov 2012}) 13. e5 dxe5 14. Qxa8 exf4 15. Rfe1 Be6 16. Qxa7 f3 17. Qxc5 fxg2 18. Rad1 ({Weaker is} 18. Kxg2 Nd5 $16) 18... Bxh3 19. Rxe8+ Qxe8 20. Qxc7 g6 {[%emt 0:04:03] [#]} 21. Bxg6 $1 Kg7 22. Bd3 Nh5 23. Kh2 Bg4 24. Rg1 Bf3 25. Rxg2+ Bxg2 26. Kxg2 Qa8+ 27. f3 Qxa2 28. Qe5+ {[%emt 0:00:34] Double Attack} Nf6 29. c4 Qa8 30. c5 Qa5 31. Qg3+ Kh8 {[%emt 0:00:08] [#]} 32. Qf4 (32. c6 $1 $18 Qd2+ 33. Kf1 Qd1+ 34. Kg2 Qd2+ 35. Kg1 Qd1+ 36. Kh2 Qd2+ 37. Kg1 Qc1+ 38. Kg2 Qd2+) 32... Kg7 33. c6 Ne8 34. Bc4 Qg5+ 35. Qg3 Kf8 36. Bd3 Ke7 37. f4 Qd5+ 38. Qf3 Qxf3+ 39. Kxf3 Kd6 40. Bb5 f5 41. Kg3 Kc7 42. c4 Kd6 $11 43. Kh4 Ng7 44. Kg3 Ne6 1/2-1/2

[Event "95th Caplin Hastings Congress"]
[Site "Hastings"]
[Date "2020.01.01"]
[Round "5.52"]
[White "Faulks, Nick"]
[Black "Sandhu, Manvith"]
[Result "1-0"]
[ECO "B42"]
[WhiteElo "1900"]
[BlackElo "1673"]
[Annotator "NA RC"]
[PlyCount "111"]
[EventDate "2019.12.28"]
[EventType "swiss"]
[EventCountry "ENG"]
[SourceTitle "playchess.com"]
[Source "ChessBase"]
[SourceQuality "1"]
[TimeControl "40/6600+30:3000+30"]

1. e4 c5 2. Nf3 e6 3. d4 cxd4 4. Nxd4 a6 5. Bd3 Nf6 6. O-O Qc7 7. Nc3 Be7 8. Be3 d6 9. f4 O-O {[%emt 0:00:18] B42: Sicilian: Kan Variation: 5 Bd3} (9... Nbd7 10. Qf3 b6 11. Kh1 Bb7 12. Qg3 g6 13. Rae1 h5 14. h3 h4 15. Qf2 Nh5 16. Nde2 f5 17. Kh2 Nc5 18. exf5 gxf5 {½-½ (35) Kadric,D (2403)-Bosiocic,M (2593) Zadar 2011}) 10. g4 Re8 11. g5 Nfd7 12. h4 $146 ({Predecessor:} 12. Qh5 g6 13. Qh6 Bf8 14. Qh4 Bg7 15. Rf3 Nc6 16. Nde2 Qd8 17. f5 Nde5 18. Rh3 h6 19. f6 Bf8 20. Kh1 d5 21. Bc5 h5 22. Bxf8 Rxf8 23. Nf4 Nxd3 24. cxd3 e5 25. Nxh5 Bxh3 26. Nf4 {1-0 (26) Rybak,T (2206)-Reshetnikov,E (2341) Wloclawek 2006}) 12... Nf8 13. Qf3 Nbd7 14. Qf2 Nc5 (14... Kh8 $16) 15. f5 Bd8 16. f6 g6 17. Rad1 h5 18. Be2 b5 19. b4 Ncd7 20. Ndxb5 axb5 21. Nxb5 {[%emt 0:00:20] Double Attack} Qxc2 $2 (21... Qb8 $16 {was necessary.}) 22. Nxd6 Rxa2 23. Rd2 $2 ({Less strong is} 23. Nxe8 Qxe2 24. Qxe2 Rxe2 $14) (23. Bb5 $18) 23... Qa4 24. Rxa2 Qxa2 25. Nxe8 Ba6 26. b5 Bb7 27. Nd6 Qa8 28. Rd1 Bxe4 29. Nxe4 Qxe4 30. Bf3 Qa4 31. Qe2 Bb6 32. Bxb6 Nxb6 33. Rd8 Qxh4 34. Qd2 Qg3+ 35. Bg2 Nbd7 36. Ra8 $2 ({White should try} 36. b6 $18) 36... Qe5 37. Bc6 Qg3+ 38. Kf1 Qh3+ 39. Ke1 Qg3+ 40. Kd1 Qg1+ (40... Kh7 $142 41. Kc2 Qg4) 41. Kc2 Qc5+ 42. Kb1 Nb6 43. Rd8 Nc4 44. Qc3 Qg1+ 45. Ka2 Qh2+ 46. Kb3 Nb6 47. Rxf8+ Kxf8 48. Qc5+ Kg8 49. Qxb6 Qg3+ 50. Ka4 Qc3 51. Qd8+ Kh7 {[%emt 0:00:00] [#]} 52. Qe7 $1 Qa1+ 53. Kb4 Qb2+ 54. Ka5 Qa1+ 55. Kb6 Qd4+ 56. Kb7 1-0

[Event "95th Caplin Hastings Congress"]
[Site "Hastings"]
[Date "2020.01.01"]
[Round "5.53"]
[White "Dewangan, Aayush"]
[Black "Gisbert Mir, Alejandro"]
[Result "1-0"]
[ECO "B13"]
[WhiteElo "1548"]
[BlackElo "1835"]
[Annotator "NA RC"]
[PlyCount "49"]
[EventDate "2019.12.28"]
[EventType "swiss"]
[EventCountry "ENG"]
[SourceTitle "playchess.com"]
[Source "ChessBase"]
[SourceQuality "1"]
[TimeControl "40/6600+30:3000+30"]

1. e4 c6 2. d4 d5 3. exd5 cxd5 4. Bd3 Nc6 5. c3 Nf6 6. Bf4 e6 7. Nf3 Bd6 8. Bg3 Qc7 {[%emt 0:01:38] B13: Caro-Kann: Exchange Variation and Panov-Botvinnik Attack} (8... O-O 9. O-O b6 10. Nbd2 Bb7 11. Ne5 Ne7 12. Qc2 Ng6 13. Rae1 Nh5 14. Nxg6 hxg6 15. Bxd6 Qxd6 16. Nf3 Nf4 {0-1 (63) Randazzo,A (2228)-Cruz Lledo,P (2448) Sueca 2017}) 9. Na3 a6 10. Qa4 Bxg3 $146 ({Predecessor:} 10... Bd7 11. Nb5 axb5 12. Qxa8+ Nd8 13. O-O O-O 14. Rfe1 Nh5 15. Bxd6 Qxd6 16. Qa3 Qf4 17. Bxh7+ {1-0 (17) Vidal,J (2310)-Escofet Fernandez,J (2235) Cipolletti 1993}) 11. hxg3 Bd7 12. Qc2 g6 13. Qd2 O-O-O 14. Qg5 Ne4 15. Qe3 e5 16. Bxe4 dxe4 17. Nxe5 Nxe5 18. dxe5 Qxe5 19. O-O f5 20. Rfd1 Be6 21. Rd4 Rd7 22. Rad1 Rhd8 23. Rxd7 Rxd7 24. Rxd7 Kxd7 $11 25. Qh6 1-0

[Event "95th Caplin Hastings Congress"]
[Site "Hastings"]
[Date "2020.01.01"]
[Round "5.54"]
[White "Kumar, Soham"]
[Black "Bryant, Marc A"]
[Result "1-0"]
[ECO "C63"]
[WhiteElo "1512"]
[BlackElo "1823"]
[Annotator "NA RC"]
[PlyCount "119"]
[EventDate "2019.12.28"]
[EventType "swiss"]
[EventCountry "ENG"]
[SourceTitle "playchess.com"]
[Source "ChessBase"]
[SourceQuality "1"]
[TimeControl "40/6600+30:3000+30"]

1. e4 e5 2. Nf3 Nc6 3. Bb5 f5 4. Nc3 fxe4 5. Nxe4 d5 6. Ng3 Bg4 7. h3 Bxf3 8. Qxf3 Nf6 9. O-O Bc5 {[%emt 0:00:21] C63: Ruy Lopez: Schliemann/Jaenisch Defence} (9... Bd6 10. Nh5 e4 11. Nxf6+ Qxf6 12. Qxf6 gxf6 13. d3 O-O-O 14. dxe4 dxe4 15. Re1 f5 16. Kf1 Rde8 17. Bh6 {1-0 (43) Karpov,A (2780)-Lautier,J (2645) Ubeda 1994}) 10. Qc3 Qe7 $146 ({Predecessor:} 10... Nd7 11. Qf3 {½-½ (15) Setkauskas,V (2301)-Vaicekauskas,G (2202) Kaunas 2015}) 11. Nf5 Ne4 12. Nxe7 {[%emt 0:07:02] Pin} Nxc3 13. Nxc6 Nxb5 14. Nxe5 Nd4 15. c3 Ne2+ 16. Kh1 Rf8 17. Re1 Nxc1 18. Nd3+ Kd7 $2 (18... Be7 $16 {was called for.} 19. Raxc1 c6) 19. Nxc5+ Kc6 20. d4 ({Weaker is} 20. Rexc1 Kxc5 21. f3 Rae8 $14) 20... b6 21. Raxc1 $2 (21. Re6+ $18 {and the rest is easy.} Kb5 22. Nd7 (22. Rxc1 bxc5 23. Re7 Rxf2 $16)) 21... bxc5 22. f3 Rfe8 23. dxc5 Kxc5 24. Kg1 Rab8 25. b3 a5 26. Kf2 a4 27. b4+ Kc4 28. Red1 c5 29. h4 Rb6 30. g4 Rh6 (30... a3 $11 {remains equal.}) 31. Kg3 Rhe6 32. bxc5 Re2 (32... a3 $16) 33. Rd4+ Kb5 34. Rb4+ Kxc5 35. Rxa4 h6 36. Ra7 g5 37. hxg5 hxg5 38. Rg7 R8e5 39. Ra1 Rc2 40. a4 Rxc3 41. a5 Kb5 42. a6 Ree3 43. Rf7 Ra3 44. Rxa3 Rxa3 45. Rf5 $18 Kc4 46. Rxg5 d4 47. Kf2 $2 ({White should try} 47. Rg7 $18) 47... Kd3 $2 (47... Rxa6 $11 48. Rg7 Ra2+ 49. Kf1 d3) 48. f4 Ra2+ 49. Kf3 Rxa6 50. Rc5 Ra3 51. f5 Kd2+ 52. Kf2 Re3 53. f6 Re2+ 54. Kf1 Re4 55. Rf5 Re1+ 56. Kg2 Re8 57. f7 Rf8 58. g5 Ke3 59. g6 Ke4 60. g7 1-0

[Event "95th Caplin Hastings Congress"]
[Site "Hastings"]
[Date "2020.01.01"]
[Round "5.55"]
[White "Drastik, Penelope"]
[Black "Cresswell, Mike J"]
[Result "1-0"]
[ECO "A57"]
[WhiteElo "1821"]
[BlackElo "1662"]
[Annotator "NA RC"]
[PlyCount "67"]
[EventDate "2019.12.28"]
[EventType "swiss"]
[EventCountry "ENG"]
[SourceTitle "playchess.com"]
[Source "ChessBase"]
[SourceQuality "1"]
[TimeControl "40/6600+30:3000+30"]

1. d4 Nf6 2. c4 c5 3. d5 b5 4. cxb5 a6 5. b6 Qxb6 6. Nc3 g6 7. Nf3 d6 8. Nd2 Bg7 9. e4 O-O 10. Nc4 {[%emt 0:00:29] A57: Benko/Volga Gambit} Qc7 (10... Qb7 11. Be2 Nfd7 12. O-O Nb6 13. Na5 Qc7 14. Bd2 e6 15. Rc1 Nxd5 16. Na4 Nb6 17. b4 Nxa4 18. Qxa4 {0-1 (50) Boensch,U (2543)-Lauber,A (2441) Germany 2014}) 11. a4 Nfd7 12. a5 Bb7 $146 ({Predecessor:} 12... Ne5 13. Nb6 Ra7 14. Be2 Ned7 15. Nc4 Ne5 16. Ne3 f5 17. f4 Nf7 18. exf5 gxf5 {1-0 (50) Maksimenko,A (2440)-Zimmer,R (2250) Berlin 1993}) 13. Be2 Re8 14. O-O Nf8 15. Nb6 Ra7 16. Bf4 Nbd7 17. Nca4 Qd8 18. Qd2 Nxb6 19. Nxb6 Nd7 20. Nc4 $16 Qc7 21. Bh6 Rb8 22. Bxg7 Kxg7 23. f4 Ba8 24. f5 Nf6 25. Qf4 Rb4 26. g4 Qd8 27. Ra3 Nxd5 28. exd5 Bxd5 29. Rh3 Qh8 30. Qh6+ Kg8 31. fxg6 Qd4+ 32. Ne3 hxg6 33. Rd1 Qf6 34. Nxd5 1-0

[Event "95th Caplin Hastings Congress"]
[Site "Hastings"]
[Date "2020.01.01"]
[Round "5.56"]
[White "Zheng, Harry Z"]
[Black "Varney, Zoe"]
[Result "0-1"]
[ECO "C54"]
[WhiteElo "1705"]
[BlackElo "2004"]
[Annotator "NA RC"]
[PlyCount "66"]
[EventDate "2019.12.28"]
[EventType "swiss"]
[EventCountry "ENG"]
[SourceTitle "playchess.com"]
[Source "ChessBase"]
[SourceQuality "1"]
[TimeControl "40/6600+30:3000+30"]

1. e4 e5 2. Nf3 Nc6 3. Bc4 Bc5 4. c3 Nf6 5. d3 d6 6. O-O Bg4 7. Nbd2 a6 8. h3 Bh5 9. Bb3 O-O 10. Re1 Ba7 11. Nf1 Re8 12. Ng3 Bg6 13. Bc2 ({White should try} 13. Bg5 $16) 13... d5 14. exd5 Nxd5 15. Ba4 b5 16. Bc2 h6 17. a4 $11 Qd7 18. Bd2 Nf6 19. Ne4 Nxe4 20. dxe4 Rad8 21. Qe2 Bh5 22. Red1 Qe6 23. axb5 axb5 24. Bd3 Bxf3 25. Qxf3 Qb3 26. Rdb1 b4 27. Bb5 Re6 28. Bxc6 Rf6 29. Qe2 Rxf2 30. Qa6 Rdxd2 31. Qxa7 Rxg2+ 32. Kf1 Qc4+ 33. Ke1 Qe2# 0-1

[Event "95th Caplin Hastings Congress"]
[Site "Hastings"]
[Date "2020.01.01"]
[Round "5.57"]
[White "Liu, Tianyi"]
[Black "Stoyanov, Boris"]
[Result "1/2-1/2"]
[ECO "B35"]
[WhiteElo "1307"]
[BlackElo "1504"]
[Annotator "NA RC"]
[PlyCount "139"]
[EventDate "2019.12.28"]
[EventType "swiss"]
[EventCountry "ENG"]
[SourceTitle "playchess.com"]
[Source "ChessBase"]
[SourceQuality "1"]
[TimeControl "40/6600+30:3000+30"]

1. e4 c5 2. Nf3 g6 3. d4 Bg7 4. Nc3 cxd4 5. Nxd4 Nc6 6. Be3 Nf6 7. Bc4 O-O 8. Bb3 a6 9. f3 Re8 10. Qd2 d6 11. O-O-O Bd7 12. h4 Na5 13. g4 Nxb3+ 14. Nxb3 h5 15. e5 Nh7 16. exd6 exd6 17. gxh5 gxh5 18. Rdg1 Bf5 19. Bh6 Bg6 20. Bxg7 Kxg7 21. Ne4 d5 22. Ng3 Kh8 23. Ne2 Rc8 24. c3 Qf6 25. Ned4 Re7 26. Re1 Rce8 27. Rxe7 Qxe7 28. Kd1 Qe3 29. Qxe3 Rxe3 30. Kd2 Re8 31. Nc5 Nf6 32. Nd3 Nd7 33. Nf4 Nb6 34. b3 Re7 35. Rg1 Kh7 36. Rg5 Kh6 37. Nxd5 Nxd5 38. Rxd5 f6 39. Rd6 Rf7 40. b4 Kh7 41. Nb3 Bf5 42. Nc5 Kg6 43. a3 Re7 44. Rb6 Bc8 45. Ne4 Be6 46. Ng3 Bd5 47. f4 Bc6 48. c4 Rd7+ 49. Ke2 Re7+ 50. Kf2 Rd7 51. b5 Rd2+ 52. Ke3 Rb2 53. a4 Rb3+ 54. Kd4 axb5 55. axb5 Rxg3 56. bxc6 bxc6 57. Rxc6 Kf5 58. Rc5+ Kg4 59. Rc6 f5 60. Rg6+ Kxf4 61. Rxg3 Kxg3 62. c5 f4 63. c6 f3 64. c7 f2 65. c8=Q f1=Q 66. Qg8+ Kxh4 67. Qd8+ Kh3 68. Qd7+ Kh2 69. Qd6+ Kh3 70. Qe6+ 1/2-1/2

[Event "95th Caplin Hastings Congress"]
[Site "Hastings"]
[Date "2020.01.02"]
[Round "6.5"]
[White "Stany, G.A."]
[Black "Bates, Richard A"]
[Result "1/2-1/2"]
[ECO "B90"]
[WhiteElo "2526"]
[BlackElo "2342"]
[Annotator "ChessBase"]
[PlyCount "62"]
[EventDate "2019.12.28"]
[EventType "swiss"]
[EventCountry "ENG"]
[SourceTitle "playchess.com"]
[Source "ChessBase"]
[SourceQuality "1"]
[TimeControl "40/6600+30:3000+30"]

1. e4 c5 2. Nf3 d6 3. d4 cxd4 4. Nxd4 Nf6 5. Nc3 a6 6. h3 e5 7. Nde2 h5 8. Bg5 Be6 9. Bxf6 Qxf6 10. Nd5 Qd8 11. Qd3 Nd7 12. O-O-O Rc8 13. Kb1 g6 14. Nec3 Bg7 15. h4 b5 16. g3 Rc4 17. Qe2 O-O 18. f3 Rd4 19. g4 b4 20. Na4 Bxd5 21. exd5 Rxd1+ 22. Qxd1 Qa5 23. c4 bxc3 24. Nxc3 Rb8 25. Ne4 hxg4 26. fxg4 Qb4 27. Qe2 Nf6 28. Nxf6+ Bxf6 29. Rh3 Qd4 30. Rd3 Qc5 31. g5 e4 1/2-1/2

[Event "95th Caplin Hastings Congress"]
[Site "Hastings"]
[Date "2020.01.02"]
[Round "6.6"]
[White "Cherniaev, Alexander"]
[Black "Korneev, Oleg"]
[Result "1/2-1/2"]
[ECO "B23"]
[WhiteElo "2419"]
[BlackElo "2524"]
[Annotator "ChessBase"]
[PlyCount "109"]
[EventDate "2019.12.28"]
[EventType "swiss"]
[EventCountry "ENG"]
[SourceTitle "playchess.com"]
[Source "ChessBase"]
[SourceQuality "1"]
[TimeControl "40/6600+30:3000+30"]

1. e4 c5 2. Nc3 e6 3. Nge2 a6 4. g3 Nc6 5. Bg2 d6 6. O-O Nf6 7. d3 Be7 8. h3 Qc7 9. Be3 b5 10. a3 Rb8 11. f4 d5 12. exd5 exd5 13. f5 d4 14. Bf4 Ne5 15. Nd5 Nxd5 16. Bxd5 Bxf5 17. Nxd4 cxd4 18. Qe2 Bf6 19. Bxe5 Qxe5 20. Qxe5+ Bxe5 21. Rxf5 f6 22. Kg2 Kd7 23. Bb3 a5 24. a4 b4 25. Re1 Kd6 26. Re2 g6 27. Rf1 Rbe8 28. Bc4 Rc8 29. Rf3 Rhe8 30. Bb3 f5 31. Rf1 Bg7 32. Rfe1 Rxe2+ 33. Rxe2 Be5 34. Bc4 Rc7 35. Re1 h5 36. Re2 Rh7 37. Re1 h4 38. gxh4 Rxh4 39. Re2 g5 40. Re1 g4 41. hxg4 Rxg4+ 42. Kf3 Rh4 43. Rg1 Rh3+ 44. Kf2 Bf6 45. Kg2 Re3 46. Rf1 Re5 47. Bf7 Bg5 48. Bh5 Be3 49. Bd1 f4 50. Rh1 Rg5+ 51. Kf3 Ke5 52. Rh3 Kf5 53. b3 Rg1 54. Be2 Rg5 55. Bd1 1/2-1/2

[Event "95th Caplin Hastings Congress"]
[Site "Hastings"]
[Date "2020.01.02"]
[Round "6.14"]
[White "Willson, Ollie"]
[Black "Merry, Alan B"]
[Result "0-1"]
[ECO "A50"]
[WhiteElo "2082"]
[BlackElo "2420"]
[Annotator "ChessBase"]
[PlyCount "106"]
[EventDate "2019.12.28"]
[EventType "swiss"]
[EventCountry "ENG"]
[SourceTitle "playchess.com"]
[Source "ChessBase"]
[SourceQuality "1"]
[TimeControl "40/6600+30:3000+30"]

1. d4 Nf6 2. Nf3 b6 3. g3 Bb7 4. Bg2 g6 5. c4 Bg7 6. Nc3 Ne4 7. Nxe4 Bxe4 8. O-O O-O 9. Bf4 d6 10. Qd2 Re8 11. Bh6 Bh8 12. Qf4 f5 13. Rad1 e6 14. Bh3 Nc6 15. d5 e5 16. Qe3 Bxf3 17. Qxf3 e4 18. Qb3 Ne5 19. Be3 h5 20. Bd4 Nd7 21. Bxh8 Kxh8 22. Qc3+ Kh7 23. f3 Nf6 24. Bg2 Qe7 25. Rd4 exf3 26. exf3 Qe3+ 27. Qxe3 Rxe3 28. Rfd1 Rae8 29. R4d3 Rxd3 30. Rxd3 Re2 31. Rb3 Kg7 32. Bf1 Rc2 33. Ra3 a5 34. Rb3 Nd7 35. f4 Nc5 36. Rb5 Na4 37. Rb3 Kf7 38. Rf3 Rxb2 39. Rf2 Ke7 40. Rxb2 Nxb2 41. Be2 Na4 42. a3 Nc3 43. Bd3 b5 44. cxb5 Nxd5 45. Kg2 Nf6 46. Kh3 Ng4 47. Bc4 Ne3 48. Be2 d5 49. Kh4 Kf6 50. a4 Nc4 51. h3 Nb2 52. g4 hxg4 53. hxg4 d4 0-1

[Event "95th Caplin Hastings Congress"]
[Site "Hastings"]
[Date "2020.01.02"]
[Round "6.15"]
[White "Murphy, Conor E"]
[Black "De Coverly, Roger D"]
[Result "1-0"]
[ECO "C55"]
[WhiteElo "2407"]
[BlackElo "1986"]
[Annotator "NA"]
[PlyCount "75"]
[EventDate "2019.12.28"]
[EventType "swiss"]
[EventCountry "ENG"]
[SourceTitle "playchess.com"]
[Source "ChessBase"]
[SourceQuality "1"]
[TimeControl "40/6600+30:3000+30"]

1. e4 e5 2. Nf3 Nc6 3. Bc4 Nf6 4. d3 Be7 5. O-O O-O 6. Re1 d6 7. a4 h6 8. a5 {[%emt 0:01:32] C55: Two Knights: 4 d3, 4 d4 exd4 5 e5 and Max Lange Attack} (8. c3 a6 9. Nbd2 Be6 10. Qc2 Qd7 11. b4 Nh7 12. Bxe6 fxe6 13. Bb2 b6 14. b5 axb5 15. axb5 Na5 16. c4 {½-½ (54) So,W (2812)-Ivanchuk,V (2738) Leuven 2017}) 8... a6 9. c3 Bg4 10. Nbd2 Na7 $146 ({Predecessor:} 10... Qd7 11. Qb3 Nh5 12. d4 Nf4 13. Bf1 Kh8 14. d5 {½-½ (26) Biolek,R (2422)-Stocek,J (2578) Czechia 2008}) 11. h3 Bxf3 12. Nxf3 c5 13. Nh4 Kh7 14. Qb3 Nxe4 (14... Ng8 $16) 15. dxe4 Bxh4 16. g3 Bg5 17. Qxb7 Bxc1 18. Rexc1 ({Don't do} 18. Raxc1 $6 Nb5 $16) 18... Nb5 19. Bxb5 axb5 20. Qxb5 Qg5 21. a6 f5 22. exf5 Qxf5 23. Qe2 $18 Qxh3 24. b4 Qc8 25. b5 Qc7 26. Qe4+ Kh8 27. Rcb1 Qb6 28. c4 Ra7 29. Ra3 Rb8 30. Kg2 Qd8 31. Rd1 Rb6 32. Qxe5 Qf8 33. Qd5 Qf6 34. Rf3 Qd8 35. Rf7 Rxf7 36. Qxf7 Qa8+ 37. Qd5 Qa7 38. Rd3 1-0

[Event "95th Caplin Hastings Congress"]
[Site "Hastings"]
[Date "2020.01.02"]
[Round "6.16"]
[White "Flear, Christine"]
[Black "Petrov, Vladimir Sergeev"]
[Result "0-1"]
[ECO "D02"]
[WhiteElo "2035"]
[BlackElo "2355"]
[Annotator "NA"]
[PlyCount "74"]
[EventDate "2019.12.28"]
[EventType "swiss"]
[EventCountry "ENG"]
[SourceTitle "playchess.com"]
[Source "ChessBase"]
[SourceQuality "1"]
[TimeControl "40/6600+30:3000+30"]

1. d4 Nf6 2. Nf3 e6 3. g3 d5 4. Bg2 c5 5. O-O cxd4 6. Nxd4 e5 7. Nb3 Nc6 8. Bg5 Be6 9. Nc3 d4 10. Ne4 Be7 11. Bxf6 Bxf6 12. Nbc5 Bc8 13. c3 Be7 14. cxd4 f5 15. Nd2 Qxd4 16. Ndb3 (16. Bxc6+ $5 bxc6 17. Ndb3 Qxd1 18. Rfxd1 $11) 16... Qxd1 $14 17. Rfxd1 e4 18. f3 a5 19. Na4 O-O 20. fxe4 fxe4 21. Nb6 Rb8 22. Bxe4 Bf6 23. Rab1 Bg4 24. Nd7 Bxd7 25. Rxd7 Rbe8 26. Bd5+ Kh8 27. Bxc6 bxc6 28. Nxa5 Rxe2 29. b4 Bg5 30. Nxc6 Rff2 31. Rb3 Rg2+ 32. Kf1 Ref2+ 33. Ke1 Rxa2 34. Kf1 Rxh2 35. Kg1 Rhc2 36. Rf3 Ra1+ 37. Rf1 Be3+ 0-1

[Event "95th Caplin Hastings Congress"]
[Site "Hastings"]
[Date "2020.01.02"]
[Round "6.17"]
[White "Willow, Jonah B"]
[Black "Burrows, Nick"]
[Result "1-0"]
[ECO "C05"]
[WhiteElo "2355"]
[BlackElo "1952"]
[Annotator "NA RC"]
[PlyCount "57"]
[EventDate "2019.12.28"]
[EventType "swiss"]
[EventCountry "ENG"]
[SourceTitle "playchess.com"]
[Source "ChessBase"]
[SourceQuality "1"]
[TimeControl "40/6600+30:3000+30"]

1. e4 e6 2. d4 d5 3. Nd2 Nf6 4. e5 Nfd7 5. c3 c5 6. f4 Nc6 7. Ndf3 cxd4 8. cxd4 a5 9. Bd3 {[%emt 0:03:33] C05: French Tarrasch: 3...Nf6 4 e5 Nfd7, 5 f4 and 5 Bd3 sidelines} (9. a3 a4 10. Bd3 Nb6 11. Ne2 Be7 12. h4 Bd7 13. h5 Nc4 14. Nc3 b5 15. f5 exf5 16. h6 g6 17. Nxd5 {½-½ (35) Hou,Y (2661)-Harika,D (2521) Sharjah 2014}) 9... a4 10. Ne2 Bb4+ 11. Kf2 Nb6 $146 ({Predecessor:} 11... a3 12. b3 f5 13. Be3 O-O 14. Rc1 Be7 15. Bb1 Ndb8 16. Rg1 Bd7 {1-0 (63) Van de Griendt,J (2355)-Bisby,D (2304) Hinckley Island 2009}) 12. Rf1 Bd7 13. Kg1 Nc4 14. f5 exf5 15. Nf4 Nb6 16. Nh5 Bf8 17. Bg5 Qc7 18. Qc2 h6 19. Bh4 g5 20. Nf6+ $16 Kd8 21. Bf2 Nb4 22. Qe2 Nxd3 23. Qxd3 Qc4 24. Qb1 Be7 25. Nxd7 Nxd7 26. Qxf5 Rc8 27. Qxf7 g4 28. Qg7 Rf8 29. Qxg4 1-0

[Event "95th Caplin Hastings Congress"]
[Site "Hastings"]
[Date "2020.01.02"]
[Round "6.18"]
[White "Yao, Lan"]
[Black "Chapman, Matt"]
[Result "1-0"]
[ECO "C55"]
[WhiteElo "2281"]
[BlackElo "1937"]
[Annotator "ChessBase"]
[PlyCount "119"]
[EventDate "2019.12.28"]
[EventType "swiss"]
[EventCountry "ENG"]
[SourceTitle "playchess.com"]
[Source "ChessBase"]
[SourceQuality "1"]
[TimeControl "40/6600+30:3000+30"]

1. e4 e5 2. Nf3 Nc6 3. Bc4 Nf6 4. d3 Be7 5. O-O O-O 6. Re1 d6 7. a4 Kh8 8. a5 a6 9. c3 Ng8 10. d4 f5 11. d5 Nb8 12. exf5 Bxf5 13. Nbd2 Nd7 14. Ne4 Qe8 15. Ng3 Bg4 16. Be2 Qg6 17. Be3 Nh6 18. h3 Bxf3 19. Bxf3 Nf6 20. Qb3 Nf5 21. Nxf5 Qxf5 22. Qxb7 e4 23. Bg4 Qxd5 24. Qxc7 Nxg4 25. hxg4 Qe6 26. Rad1 Rf7 27. Qc6 Raf8 28. Bb6 Rf4 29. f3 Qb3 30. Qd5 Qxb2 31. Rxe4 Rxe4 32. Qxe4 Bf6 33. Bd4 Bxd4+ 34. Qxd4 Re8 35. Qd2 Qb5 36. Qxd6 Qxa5 37. Qc6 Qe5 38. Kh1 h6 39. c4 Qe2 40. Qd7 Re7 41. Qd4 Rb7 42. Qd8+ Kh7 43. Qd5 Qe7 44. c5 Rb2 45. Qh5 g6 46. Qh3 Rd2 47. Rxd2 Qe1+ 48. Kh2 Qxd2 49. Qg3 Kg7 50. Qe5+ Kf7 51. c6 Qd8 52. c7 Qc8 53. Kg3 Qd7 54. Qc5 Qc8 55. f4 Ke6 56. Qc6+ Ke7 57. f5 gxf5 58. gxf5 Qg8+ 59. Kh2 Qc8 60. Qe6+ 1-0

[Event "95th Caplin Hastings Congress"]
[Site "Hastings"]
[Date "2020.01.02"]
[Round "6.19"]
[White "Comellas Blanchart, Jordi"]
[Black "Stoyanov, Viktor"]
[Result "0-1"]
[ECO "B11"]
[WhiteElo "2064"]
[BlackElo "2272"]
[Annotator "ChessBase"]
[PlyCount "106"]
[EventDate "2019.12.28"]
[EventType "swiss"]
[EventCountry "ENG"]
[SourceTitle "playchess.com"]
[Source "ChessBase"]
[SourceQuality "1"]
[TimeControl "40/6600+30:3000+30"]

1. e4 c6 2. Nc3 d5 3. Nf3 Nf6 4. e5 Ne4 5. Ne2 Qb6 6. d4 e6 7. Ng3 c5 8. c3 Nc6 9. Bd3 Nxg3 10. hxg3 h6 11. g4 Bd7 12. Kf1 O-O-O 13. dxc5 Bxc5 14. b4 Be7 15. Be3 Qc7 16. a4 f6 17. a5 d4 18. Nxd4 Nxe5 19. Be2 Nc4 20. Bxc4 Qxc4+ 21. Qe2 Qxe2+ 22. Kxe2 Kb8 23. f3 Rc8 24. Rac1 Rhd8 25. Kf2 Bf8 26. Nb3 Bb5 27. Nc5 Bc4 28. Rhd1 Ka8 29. Ke1 Bd6 30. Kf2 Be7 31. Ke1 f5 32. Rd7 Rxd7 33. Nxd7 fxg4 34. fxg4 Rd8 35. Nc5 Bh4+ 36. Bf2 Bg5 37. Rd1 Rxd1+ 38. Kxd1 Bd5 39. Ke2 Bf6 40. Be1 Bxg2 41. Nd7 Be7 42. Bg3 Bc6 43. Ne5 Be8 44. Ke3 Bd6 45. Ke4 Kb8 46. Bf2 a6 47. Bc5 Bxc5 48. bxc5 Kc7 49. Kd4 Ba4 50. c4 Kd8 51. Ke3 Ke7 52. Kd4 Bc6 53. g5 hxg5 0-1

[Event "95th Caplin Hastings Congress"]
[Site "Hastings"]
[Date "2020.01.02"]
[Round "6.20"]
[White "Pavlov, Mikhail"]
[Black "Lyell, Mark"]
[Result "0-1"]
[ECO "B12"]
[WhiteElo "1955"]
[BlackElo "2265"]
[Annotator "ChessBase"]
[PlyCount "126"]
[EventDate "2019.12.28"]
[EventType "swiss"]
[EventCountry "ENG"]
[SourceTitle "playchess.com"]
[Source "ChessBase"]
[SourceQuality "1"]
[TimeControl "40/6600+30:3000+30"]

1. e4 c6 2. d4 d5 3. e5 c5 4. dxc5 Nc6 5. a3 Nxe5 6. b4 g6 7. Bb5+ Bd7 8. Qxd5 Bxb5 9. Qxe5 Nf6 10. Nc3 Bc6 11. Nf3 Bg7 12. Bb2 O-O 13. Rd1 Qc8 14. O-O b6 15. Nd4 bxc5 16. Nxc6 Qxc6 17. Nd5 Kh8 18. Nxe7 Qe6 19. Qxe6 fxe6 20. Rfe1 cxb4 21. axb4 Rae8 22. Nc6 Nd5 23. Bxg7+ Kxg7 24. c4 Nb6 25. c5 Nd5 26. Ra1 Rf7 27. b5 Nc3 28. Nxa7 Rd8 29. Re3 Na4 30. c6 Rxa7 31. b6 Ra6 32. c7 Nxb6 33. Rc1 Rc8 34. Rxe6 Kf7 35. Rec6 Ke7 36. g3 Kd7 37. Rf6 Ke7 38. Rfc6 Kd7 39. Kg2 Ra1 40. R1c2 Ra2 41. Rc1 Ra1 42. R1c2 Ra2 43. Rc1 Nd5 44. R6c5 Rd2 45. h4 Rxc7 46. Rxc7+ Nxc7 47. Rc3 Nd5 48. Rf3 Ke7 49. Ra3 Nf6 50. Ra7+ Ke6 51. Ra6+ Kf5 52. Kf3 Rd3+ 53. Ke2 Rb3 54. f3 Rb2+ 55. Kd3 Rb3+ 56. Ke2 Nd5 57. Ra7 h5 58. Ra5 Ke5 59. Ra6 Rb2+ 60. Ke1 Kd4 61. Kf1 Ne3+ 62. Ke1 Nf5 63. Rxg6 Ke3 0-1